 Dungeon Crawl Stone Soup version 0.17.1-3-g152610e (webtiles) character file.

200 Gargoyl the Skirmisher (level 5, -5/42 HPs)
             Began as a Demonspawn Abyssal Knight on Apr 14, 2016.
             Was a Believer of Lugonu.
             Killed by divine providence
             ... invoked by an orc priest
              (11 damage)
             ... on level 3 of the Dungeon.
             The game lasted 00:07:28 (2846 turns).

Gargoyl the Skirmisher (Demonspawn Abyssal Knight)  Turns: 2846, Time: 00:07:28

Health: -5/42      AC: 15    Str: 19    XL:     5   Next: 49%
Magic:  7/7        EV:  3    Int: 13    God:    Lugonu [**....]
Gold:   111        SH:  8    Dex: 12    Spells: 0 memorised, 4 levels left

rFire  . . .     SeeInvis .     a - +1 hand axe
rCold  . . .     Clarity  .     e - +0 plate armour
rNeg   . . .     SustAt   .     r - +0 shield
rPois  .         Gourm    .     (helmet restricted)
rElec  .         Spirit   .     p - +0 cloak
rCorr  .         Warding  .     d - +0 pair of gloves
rMut   .         Stasis   .     i - +0 pair of boots
MR     .....                    (no amulet)
Stlth  ..........               (no ring)
                                (no ring)

@: mighty, lethally poisoned (-5 -> -5), not resistant to hostile enchantments,
extremely unstealthy
A: antennae 1, molten scales 1, powered by death 1
a: Depart the Abyss, Bend Space, Renounce Religion


You were on level 3 of the Dungeon.
You worshipped Lugonu.
Lugonu was pleased with you.
You were not hungry.

You visited 1 branch of the dungeon, and saw 3 of its levels.
You visited the Abyss 1 time.

You collected 111 gold pieces.

Inventory:

Hand Weapons
 a - a +1 hand axe (weapon)
Missiles
 l - 2 tomahawks (quivered)
Armour
 d - a +0 pair of gloves (worn)
 e - a +0 plate armour (worn)
 i - a +0 pair of boots (worn)
 p - a +0 cloak (worn)
 r - a +0 shield (worn)
Jewellery
 t - a +2 ring of strength {unknown}
 y - a +5 ring of protection {unknown}
Scrolls
 b - 2 scrolls of fog {unknown}
 g - a scroll of magic mapping {unknown}
 h - a scroll of identify {unknown}
 o - a scroll of random uselessness {unknown}
 q - 2 scrolls of enchant armour {unknown}
 u - a scroll of blinking {unknown}
Potions
 j - a potion of agility {unknown}
 k - 2 potions of resistance {unknown}
 n - 2 potions of cure mutation {unknown}
 s - a potion of curing {unknown}
 v - a potion of haste {unknown}
 A - a potion of magic {unknown}
Comestibles
 c - 2 bread rations
 m - 4 meat rations
 w - a royal jelly
 x - 2 fruits
 z - a beef jerky
 B - 3 chunks of flesh


   Skills:
 + Level 3.8 Fighting
 + Level 2.5 Axes
 * Level 3.4 Armour
 + Level 1.6 Dodging
 + Level 0.2 Stealth
 + Level 1.0 Shields
 + Level 3.3 Invocations


You had 4 spell levels left.
You didn't know any spells.

Dungeon Overview and Level Annotations

Branches:
Dungeon (3/15)

Altars:

Annotations:
D:3 Gargoyl's ghost, weakling DsAK


Innate Abilities, Weirdness & Mutations

You have a pair of small antennae on your head.
You are partially covered in molten scales (AC +1).
You regenerate a little health from kills.


Message History

You block the orc priest's attack. You block the orc's attack.
Gargoyl's ghost hits you but does no damage.
Your plate armour prevents you from hitting the kobold.
You slash the orc!
You kill the orc!
Lugonu accepts your kill.
Your plate armour prevents you from hitting Gargoyl's ghost.
Gargoyl's ghost is moderately damaged.
You hit the orc priest but do no damage.
The orc priest is lightly wounded.
You feel sick. The kobold hits you but does no damage.
The orc priest mumbles some strange prayers to Beogh against you.
Pain shoots through your body!
* * * LOW HITPOINT WARNING * * *
Gargoyl's ghost hits you but does no damage.
The kobold hits you but does no damage.
You feel sick.
The orc priest calls down the wrath of Beogh upon you.
Something smites you!
You die...

.. # .. .. . ###.# #.( #
#? ##... #########(.##
#.. #.... #....r.....##
'...♣...♣###...........#
#.........##.........#.#
......<@†.##............
.......K.W##............
......♣o)†.(.........#..
$...#...####............
... #.... #.......(.#..
.. #..... ######.......
# #.#... #######.#
........ #.......†
##.#.. #.####..†


You could see an orc priest, Gargoyl's ghost and a kobold.

Vanquished Creatures
  An orc priest (D:3)
  9 adders
  2 oozes (D:1)
  2 worms
  2 giant geckos (D:1)
  3 orcs
  2 ball pythons
  A giant cockroach (D:1)
  6 goblins
  10 hobgoblins
  9 jackals
  7 kobolds
  2 quokkas (D:2)
  5 bats
  2 giant newts (D:2)
  6 rats
69 creatures vanquished.

Vanquished Creatures (others)
  A goblin (D:1)
1 creature vanquished.

Grand Total: 70 creatures vanquished

Notes
Turn   | Place    | Note
--------------------------------------------------------------
     0 | Abyss:1  | Gargoyl the Demonspawn Abyssal Knight began the quest for the Orb.
     0 | Abyss:1  | Reached XP level 1. HP: 18/18 MP: 2/2
    25 | Abyss:1  | Noticed a small abomination
    49 | Abyss:1  | Noticed an eye of devastation
    64 | Abyss:1  | Noticed a large abomination
    95 | Abyss:1  | Noticed a tentacled starspawn
   114 | D:1      | Escaped the Abyss
   149 | D:1      | Gained mutation: You are partially covered in molten scales (AC +1). [demonic ancestry]
   149 | D:1      | Reached XP level 2. HP: 9/24 MP: 4/4
   302 | D:1      | Reached skill level 1 in Dodging
   478 | D:1      | Reached * piety under Lugonu
   844 | D:1      | Reached XP level 3. HP: 29/29 MP: 5/5
  1408 | D:2      | Reached ** piety under Lugonu
  1703 | D:2      | Gained mutation: You regenerate a little health from kills. [demonic ancestry]
  1703 | D:2      | Reached XP level 4. HP: 26/36 MP: 6/6
  2771 | D:3      | Gained mutation: You have a pair of small antennae on your head. [demonic ancestry]
  2771 | D:3      | Reached XP level 5. HP: 35/41 MP: 7/7
  2829 | D:3      | Noticed Gargoyl's ghost (weakling DsAK)
  2840 | D:3      | Reached skill level 1 in Shields
  2846 | D:3      | Killed from afar by an orc priest

Action                   |  1- 3 |  4- 6 || total
-------------------------+-------+-------++-------
Melee: Hand axe          |   158 |   177 ||   335
Throw: Tomahawk          |       |     8 ||     8
Invok: Depart the Abyss  |     1 |       ||     1
  Use: Potion            |       |     1 ||     1
  Eat: Chunk             |     3 |     4 ||     7
